 Dungeon Crawl Stone Soup version 0.31-a0-234-gad7ace16ef (webtiles) character file.

Game seed: 11644634270732707237

34 qw the Shooter (level 3, 0/29 HPs)
             Began as a Minotaur Hexslinger on July 9, 2023.
             Slain by a gnoll
             ... wielding a +0 spear
              (5 damage)
             ... on level 2 of the Dungeon.
             The game lasted 00:00:21 (905 turns).

qw the Shooter (Minotaur Hexslinger)                 Turns: 905, Time: 00:00:21

Health: 0/29       AC:  2    Str: 12    XL:     3   Next: 14%
Magic:  3/3        EV: 12    Int: 10    God:
Gold:   75         SH:  0    Dex: 14    Spells: 3/4 levels left

rFire   . . .        Y - +1 sling
rCold   . . .        (no shield)
rNeg    . . .        c - +0 robe
rPois   .            (helmet restricted)
rElec   .            (no cloak)
rCorr   .            (no gloves)
SInv    .            (no boots)
Will    .....        (no amulet)
Stlth   +            (no ring)
HPRegen 0.24/turn    (no ring)
MPRegen 0.08/turn

%: no passive effects
@: no status effects
A: horns 2, retaliatory headbutt
a: no special abilities


You were on level 2 of the Dungeon.
You visited 1 branch of the dungeon, and saw 2 of its levels.

You collected 75 gold pieces.


Innate Abilities, Weirdness & Mutations

You have a pair of horns on your head.
You reflexively headbutt those who attack you in melee.


   Skills:
 - Level 2.0 Fighting
 + Level 3.7 Ranged Weapons
 - Level 2.1 Dodging
 - Level 1.0 Spellcasting
 - Level 2.0 Hexes


You had 3 spell levels left.
You knew the following spells:

 Your Spells              Type           Power      Damage    Failure   Level
a - Slow                  Hex            16%        N/A       16%         1

Your spell library contained the following spells:

 Spells                   Type           Power      Damage    Failure   Level
 Inner Flame              Hex/Fire       2%         N/A       56%         3
 Portal Projectile        Hex/Tloc       4%         N/A       56%         3
 Cause Fear               Hex            2%         N/A       83%         4

Inventory:

Hand Weapons
 Y - a +1 sling (weapon)
Armour
 c - a +0 robe (worn)
 d - a +0 pair of gloves
 f - a +0 leather armour
Scrolls
 a - 2 scrolls of identify
 b - a scroll of amnesia {unknown}
Potions
 e - a potion of haste
 g - a potion of might {unknown}
 h - a potion of ambrosia {unknown}

Dungeon Overview and Level Annotations

Branches:
Dungeon (2/15)

Altars:

Annotations:
D:2 exclusion: gnoll


Message History

You shoot a sling bullet. The sling bullet hits the rat!
You kill the rat!
You start resting.
HP restored.
Things that are here:
a +0 dagger; a goblin corpse
f - a +0 leather armour You now have 75 gold pieces (gained 10).
A gnoll comes into view. It is wielding a +0 spear.
Enter note: You shoot a sling bullet.
The sling bullet hits the gnoll.
The gnoll is moderately wounded.
A gnoll is nearby!
Enter note: You shoot a sling bullet.
The sling bullet hits the gnoll.
The gnoll is heavily wounded.
Found 18 gold pieces.
Enter note: You shoot a sling bullet.
The sling bullet barely misses the gnoll.
The gnoll closely misses you.
You shoot a sling bullet.
The sling bullet closely misses the gnoll.
The gnoll hits you from afar with a +0 spear!
The gnoll barely misses you.
You shoot a sling bullet.
The sling bullet barely misses the gnoll.
The gnoll hits you from afar with a +0 spear!
Enter note:
902 ||| UPGRADING to +0 pair of gloves.
The gnoll hits you from afar with a +0 spear!
Keep equipping yourself?
You start putting on your armour.
You continue putting on your +0 pair of gloves.
The gnoll hits you but does no damage.
You continue putting on your +0 pair of gloves.
The gnoll hits you but does no damage.
You continue putting on your +0 pair of gloves.
The gnoll hits you from afar with a +0 spear.
You die...

.. #####..
.$..... .......
$...... g......
#######.......
#.....@.......
#..##.##.......
#. ##...##......
#..#..#..#.####.
.#..#.#.#.#.#
.......#....#
#.#
#.#.#.#.#.#.#
#.# ...#..#..#.#
#.# ###
##.%.##.# #.#


You could see a gnoll.

Vanquished Creatures
  2 worms (D:2)
  5 ball pythons
  2 bats (D:2)
  4 endoplasms
  A giant cockroach (D:1)
  2 goblins (D:2)
  A hobgoblin (D:1)
  3 kobolds (D:1)
  2 quokkas
  A frilled lizard (D:1)
  A rat (D:2)
24 creatures vanquished.

Notes
Turn   | Place    | Note
-------+----------+-------------------------------------------
     0 | D:1      | qw the Minotaur Hexslinger began the quest for the Orb.
     0 | D:1      | Reached XP level 1. HP: 16/16 MP: 1/1
     0 | D:1      | 0 ||| qw: Version: 0.3-a-51-g015441d
     0 | D:1      | 0 ||| qw: Game counter: 4183
     0 | D:1      | 0 ||| qw: Melee chars always use a shield: true
     0 | D:1      | 0 ||| qw: God list: Okawaru
     0 | D:1      | 0 ||| qw: Allow faded altars: false
     0 | D:1      | 0 ||| qw: Do Orc after clearing Dungeon:15 true
     0 | D:1      | 0 ||| qw: Do second Lair branch before Depths: true
     0 | D:1      | 0 ||| qw: Lair rune preference: random
     0 | D:1      | 0 ||| qw: Goals: Normal
     0 | D:1      | 0 ||| PLANNING D:1-11
   159 | D:1      | Found a faded altar of an unknown god.
   175 | D:1      | Reached skill level 3 in Ranged Weapons
   175 | D:1      | Reached XP level 2. HP: 20/23 MP: 2/2
   659 | D:1      | 659 ||| READING 3 scrolls labelled UHOXYGH QIOSEU.
   660 | D:1      | 660 ||| DRINKING 2 red potions.
   661 | D:1      | 661 ||| READING 2 scrolls of identify.
   661 | D:1      | 661 ||| IDENTIFYING pink potion
   662 | D:1      | 662 ||| DROPPING scroll of poison.
   663 | D:1      | 663 ||| DROPPING potion of degeneration.
   873 | D:2      | Reached XP level 3. HP: 29/29 MP: 3/3
   902 | D:2      | 902 ||| UPGRADING to +0 pair of gloves.
   902 | D:2      | HP: 4/29 [gnoll/+0 spear (9)]
   905 | D:2      | Slain by a gnoll

Levels and vault maps discovered:
D:1:      pf_arrival_petrified_forest, layout_loops_cross,
          nicolae_ecumenical_snake_handling
D:2:      layout_basic, basic_altar, grunt_ministairs_2, minmay_box_of_dots

Skill      XL: |  1  2 |
---------------+-------+-----
Ranged Weapons | 3 |  3.7
Fighting       | 2 |  2.0
Dodging        | |  2.1
Spellcasting   | |  1.0
Hexes          | |  2.0

Action                     || total
---------------------------++-------
   Fire: Sling             ||    76
    Use: Scroll            ||     2
         Potion            ||     1
 Armour: Robe              ||     5
  Dodge: Dodged            ||    13

Table legend:
 A = Non-vault XP
 B = Vault XP
 C = Vault XP percentage of total XP
 D = Non-vault monster count
 E = Vault monster count
 F = Vault count percentage of total count
                 A         B        C        D         E       F
            +---------+---------+-------+---------+---------+-------
      Total |      33 |      16 |  32.7 |      17 |       7 |  29.2
            +---------+---------+-------+---------+---------+-------
        D:1 |      20 |       2 |   9.1 |      12 |       1 |   7.7
        D:2 |      13 |      14 |  51.9 |       5 |       6 |  54.5
            +---------+---------+-------+---------+---------+-------
